 Dungeon Crawl Stone Soup version 0.25-a0-566-g062765be81 (webtiles) character file.

Game seed: 10683987873389044974, levelgen mode: deterministic

38438 Flugslaktarn the Severer (level 13, -2/122 HPs)
             Began as a Deep Dwarf Fighter on Feb 28, 2020.
             Was a High Priest of Makhleb.
             Slain by a harpy (9 damage)
             ... summoned by Kirke
             ... on level 15 of the Dungeon.
             The game lasted 00:09:04 (9403 turns).

Flugslaktarn the Severer (Deep Dwarf Fighter)       Turns: 9403, Time: 00:09:04

Health: -2/122     AC:  0    Str: 26    XL:     13   Next: 63%
Magic:  0/0        EV: 13    Int:  8    God:    Makhleb [*****.]
Gold:   305        SH:  0    Dex: 12    Spells: 12/12 levels left

rFire    . . .     SeeInvis .   (weapon currently unavailable)
rCold    . . .     Gourm    .   (shield currently unavailable)
rNeg     . . .     Faith    .   (armour currently unavailable)
rPois    .         Spirit   .   (helmet currently unavailable)
rElec    .         Reflect  .   (cloak currently unavailable)
rCorr    .         Harm     .   (gloves currently unavailable)
MR       +....                  (boots currently unavailable)
Stlth    +.........             (no amulet)
HPRegen  0.00/turn              (ring currently unavailable)
MPRegen  0.07/turn              (ring currently unavailable)

@: pig-form, non-regenerating, very quick
A: small, damage resistance, heal wounds, sense surroundings 2, no regeneration
a: Heal Wounds, Minor Destruction, Lesser Servant of Makhleb, Major Destruction,
Greater Servant of Makhleb, Renounce Religion


You were on level 15 of the Dungeon.
You worshipped Makhleb.
Makhleb was extremely pleased with you.
You were not hungry.
You were a filthy swine.
You visited 2 branches of the dungeon, and saw 16 of its levels.
You visited 1 bazaar.
You also visited: Ice Cave.

You collected 785 gold pieces.
You spent 480 gold pieces at shops.

Inventory:

Hand Weapons
 a - a +1 war axe (melded)
 J - a +2 falchion of flaming
   (You took it off a big kobold on level 8 of the Dungeon)
Armour
 b - a +0 kite shield (melded)
 f - a +1 helmet (melded)
   (You found it on level 7 of the Dungeon)
 l - a +0 plate armour (melded)
   (You took it off an orc warrior on level 10 of the Dungeon)
 p - a +0 pair of boots (melded)
   (You found it on level 4 of the Dungeon)
 x - a +0 cloak (melded)
   (You found it on level 5 of the Dungeon)
 H - a +0 pair of gloves (melded)
   (You found it on level 8 of the Dungeon)
Jewellery
 c - a ring of protection from cold (melded)
   (You found it on level 11 of the Dungeon)
 k - an uncursed ring of fire {unknown}
   (You found it on level 15 of the Dungeon)
 D - the ring "Waopt" (melded) {rPois Str+2 Slay+2 SInv}
   (You found it on level 12 of the Dungeon)

   [ring of poison resistance]

   It affects your strength (+2).
   It affects your accuracy and damage with ranged weapons and melee attacks
   (+2).
   It protects you from poison.
   It lets you see invisible.
Wands
 v - a wand of digging (19)
   (You found it on level 5 of the Dungeon)
 B - a wand of enslavement (3)
   (You found it on level 7 of the Dungeon)
 F - a wand of iceblast (22)
   (You found it on level 8 of the Dungeon)
 G - a wand of acid (2)
   (You found it on level 8 of the Dungeon)
Scrolls
 i - 2 scrolls of enchant weapon
 j - a scroll of magic mapping
 o - a scroll of silence
 t - a scroll of teleportation
 u - 2 scrolls of enchant armour
 y - 2 scrolls of fog
 E - a scroll of remove curse
Potions
 d - 2 potions of might
 g - 4 potions of brilliance
 h - 2 potions of haste
 m - 2 potions of stabbing
 n - 3 potions of resistance
 q - 8 potions of curing
 s - 2 potions of flight
 w - 6 potions of heal wounds
 z - a potion of ambrosia
 A - 3 potions of lignification
 L - a potion of invisibility
Comestibles
 e - 30 rations


   Skills:
 + Level 9.6 Fighting
 * Level 15.0 Axes
 + Level 11.3 Armour
 + Level 11.3 Shields
 + Level 11.2 Invocations


You had 12 spell levels left.
You didn't know any spells.
Your spell library was empty.

Dungeon Overview and Level Annotations

Branches:
Dungeon (15/15)            Temple (1/1) D:6            Lair (0/6) D:9
    Orc (0/2) D:9          Vaults (0/5) D:14         Depths (0/5) D:15
  IceCv (visited)

Altars:
Ashenzari
Cheibriados
Dithmenos
Elyvilon
Fedhas
Gozag
Hepliaklqana
Kikubaaqudgha
Makhleb
Okawaru
Qazlal
Ru
Sif Muna
Trog
Uskayaw
Vehumet
Wu Jian
Xom
Yredelemnul
Zin
The Shining One

Shops:
D:9 *=*?*   D:11 =   D:14 *=

Portals:
Trove: D:11 (give 14 scrolls of teleportation)

Annotations:
D:13 exclusion: obsidian statue
D:15 Jorgrun, Kirke


Innate Abilities, Weirdness & Mutations

You are resistant to damage.
You can heal yourself by infusing magical energy.
You passively map the area around you.
You do not regenerate.
((You are covered in fur. (AC +1)))


Message History

Kirke shouts, "You pig!
I'll make you look the way you deserve."
Kirke barely misses you.
Evoke which item? (* to show all) (? for menu, Esc to quit)
Aiming: Corrosive Bolt
Press: ? - help, Shift-Dir - straight line, f/p - Jorgrun
Aim: Jorgrun, wielding a +0 vorpal quarterstaff and wearing a +2 robe (almost dead, unusually strong, covered in acid)
The bolt of acid hits Jorgrun!
Jorgrun is splashed with acid.
Jorgrun seems to be corroded for longer.
Jorgrun is almost dead.
The bolt of acid hits the hog!
The hog is splashed with acid.
The acid corrodes the hog!
The hog is heavily wounded.
The harpy claws you.
* * * LOW HITPOINT WARNING * * *
The harpy claws you!
* * * LOW HITPOINT WARNING * * *
The harpy claws you!
* * * LOW HITPOINT WARNING * * *
The harpy closely misses you. The harpy claws you!
You die...

* , , * *#. * ... , * #.
... ,,* * * ###### #. .. ,
* * .....## #. .. ,, *
≈≈≈≈..## #.##Z , ,
#####..## ##.hh , * ,,*
#)!.....# #.@g# , *
#.....≈.# #HHh#** * ,*
#...≈#..# ##.#H######### ,
#..≈#≈#.#####............
* ..÷#≈##......#.#.###.#..
..≈.....###..#....##.#.* *
####
.#.###..##.#.#.#.......
...
.#.........#.#.#.###.## #
, ..
....##..##.#.#.#.###.###.#
, ###
........##.#.#...........#
*, #..


You could see Jorgrun, Kirke, a manticore, 2 harpies, 2 hogs and a centaur
warrior skeleton.

Vanquished Creatures
  Azrael (D:12)
  A white draconian (IceCv)
  A yaktaur captain (D:15)
  Josephine (D:15)
  Fannar (D:11)
  Erolcha (D:12)
  A hydra (D:8)
  A centaur warrior (D:15)
  3 two-headed ogres
  2 death yaks (IceCv)
  Urug (D:11)
  A wizard (D:14)
  4 ugly things
  A cyclops (D:14)
  A manticore (D:14)
  Joseph (D:10)
  A centaur zombie (D:12)
  An ice statue (IceCv)
  2 rime drakes (D:15)
  A freezing wraith (D:14)
  A yaktaur (D:15)
  2 tengu conjurers (D:15)
  3 trolls
  16 polar bears (IceCv)
  A hornet (D:14)
  A hornet (shapeshifter) (D:14)
  2 dream sheep (D:8)
  A hippogriff (shapeshifter) (D:13)
  5 hippogriffs
  A shadow (D:12)
  6 wraiths
  A wyvern (D:8)
  2 fire elementals (D:12)
  36 yaks
  2 hogs (D:15)
  2 hungry ghosts
  2 vampire mosquitoes (D:14)
  Edmund (D:5)
  4 hell hounds (D:12)
  3 black bears
  13 orc warriors
  An eye of draining (D:14)
  2 ice beasts
  2 phantoms (D:12)
  5 sky beasts
  7 ogres
  14 wolves (IceCv)
  6 centaurs
  5 big kobolds
  Blork the orc (D:4)
  6 bullfrogs
  A wyvern zombie (D:14)
  A wyvern skeleton (D:14)
  2 scorpions
  3 killer bees (D:13)
  6 wights
  4 howler monkeys
  5 crimson imps
  A bullfrog zombie (D:13)
  2 jellies (D:9)
  3 centaur skeletons
  10 orc priests
  5 hounds
  17 orc wizards
  2 bullfrog skeletons (D:9)
  5 iguanas
  7 worker ants
  A hound zombie (D:7)
  A hound skeleton (D:7)
  10 adders
  3 shadow imps
  An ooze (D:1)
  A worm (D:5)
  2 dart slugs (D:1)
  3 leopard geckos
  59 orcs
  2 giant cockroaches
  3 hobgoblins
  7 jackals
  5 quokkas
  3 bats
  A frilled lizard (D:5)
  2 goblins
  A jackal skeleton (D:4)
  A jackal zombie (D:6)
  14 kobolds
  A quokka skeleton (D:6)
  3 rats (D:1)
379 creatures vanquished.

Vanquished Creatures (collateral kills)
  3 hydras
  A two-headed ogre (D:15)
  A shadow (D:11)
  A sky beast (D:15)
  3 orc wizards (D:11)
  An adder (D:11)
  4 orcs (D:11)
14 creatures vanquished.

Vanquished Creatures (others)
  A large abomination (D:13)
  A wolf (IceCv)
  A shadow imp (D:13)
  A white imp (D:13)
  A quokka (D:12)
  A plant (D:8)
6 creatures vanquished.

Grand Total: 399 creatures vanquished

Notes
Turn   | Place    | Note
-------+----------+-------------------------------------------
     0 | D:1      | Flugslaktarn the Deep Dwarf Fighter began the quest for the
                  | Orb.
     0 | D:1      | Reached XP level 1. HP: 20/20 MP: 1/1
    48 | D:1      | Reached XP level 2. HP: 21/27 MP: 2/2
   133 | D:2      | Reached skill level 3 in Axes
   133 | D:2      | Reached XP level 3. HP: 23/34 MP: 3/3
   212 | D:3      | Reached XP level 4. HP: 20/42 MP: 4/4
   374 | D:4      | Reached skill level 4 in Axes
   374 | D:4      | Reached XP level 5. HP: 34/49 MP: 5/5
   553 | D:5      | Entered Level 5 of the Dungeon
   553 | D:5      | Noticed Edmund
   575 | D:4      | Noticed Blork the orc
   595 | D:4      | Reached XP level 6. HP: 45/56 MP: 6/6
   598 | D:4      | Killed Blork the orc
   598 | D:4      | Reached skill level 5 in Axes
   610 | D:4      | You fall into a shaft and drop 1 floor!
   748 | D:4      | Reached XP level 7. HP: 36/64 MP: 7/7
  1025 | D:4      | Reached skill level 5 in Armour
  1025 | D:4      | Reached skill level 5 in Shields
  1224 | D:4      | Reached skill level 6 in Axes
  1472 | D:5      | Reached XP level 8. HP: 23/73 MP: 5/5
  1513 | D:5      | Killed Edmund
  1513 | D:5      | Reached skill level 7 in Axes
  1951 | D:6      | Reached skill level 5 in Fighting
  2003 | D:6      | Found a staircase to the Ecumenical Temple.
  2092 | D:6      | Reached skill level 8 in Axes
  2157 | Temple   | Entered the Ecumenical Temple
  2303 | Temple   | Became a worshipper of Makhleb the Destroyer
  2558 | D:7      | Reached skill level 1 in Invocations
  2579 | D:7      | Noticed a hippogriff
  2594 | D:7      | Killed a hippogriff
  2594 | D:7      | Gained mutation: You passively map the area around you.
                  | [Deep Dwarf growth]
  2594 | D:7      | Reached XP level 9. HP: 47/81 MP: 4/6
  2750 | D:7      | Found a hide-covered altar of Uskayaw.
  2753 | D:7      | Found a sacrificial altar of Ru.
  2756 | D:7      | Found a stormy altar of Qazlal.
  2891 | D:7      | Found an ancient bone altar of Kikubaaqudgha.
  3335 | D:8      | Found a shimmering altar of Xom.
  3336 | D:8      | Found a shimmering altar of Xom.
  3336 | D:8      | Found a shimmering altar of Xom.
  3338 | D:8      | Found a shimmering altar of Xom.
  3413 | D:8      | Noticed a two-headed ogre
  3439 | D:8      | Killed a two-headed ogre
  3439 | D:8      | Reached skill level 9 in Axes
  3560 | D:8      | Reached * piety under Makhleb
  3796 | D:8      | Reached skill level 10 in Axes
  3796 | D:8      | Reached XP level 10. HP: 43/91 MP: 6/6
  3823 | D:8      | Noticed a three-headed hydra
  3828 | D:8      | Killed a one-headed hydra
  3828 | D:8      | Reached skill level 5 in Invocations
  3916 | D:9      | Found Pifeuh's General Store.
  4006 | D:9      | Found Noruewk's General Store.
  4044 | D:9      | Found Bazeuh's Assorted Antiques.
  4060 | D:9      | Bought a scroll labeled UMUKAD CAWU for 25 gold pieces
  4060 | D:9      | Bought a scroll labeled XANENE FEHOT for 25 gold pieces
  4173 | D:9      | Found Irokluet's Magic Scroll Emporium.
  4343 | D:9      | Reached ** piety under Makhleb
  4400 | D:9      | Found Dehexzuc's Jewellery Boutique.
  4415 | D:9      | Found a staircase to the Lair.
  4479 | D:9      | Found a staircase to the Orcish Mines.
  4640 | D:10     | Entered Level 10 of the Dungeon
  4649 | D:10     | Found a shimmering blue altar of Sif Muna.
  4703 | D:10     | Noticed Joseph
  4722 | D:10     | Reached skill level 11 in Axes
  4738 | D:10     | Killed Joseph
  4743 | D:10     | Reached *** piety under Makhleb
  4754 | D:10     | Reached XP level 11. HP: 55/100 MP: 5/5
  5153 | D:11     | Noticed an eight-headed hydra
  5162 | D:11     | Killed a nine-headed hydra
  5339 | D:11     | Found Viobiq's Jewellery Shop.
  5344 | D:11     | Bought an uncursed ring of poison resistance for 340 gold
                  | pieces
  5403 | D:11     | Noticed a seven-headed hydra
  5415 | D:11     | Killed a seven-headed hydra
  5456 | D:11     | Noticed Urug
  5471 | D:11     | Killed Urug
  5633 | D:11     | Noticed a purple ugly thing
  5653 | D:11     | Killed a purple ugly thing
  5660 | D:11     | Found a portal to a secret trove of treasure.
  5729 | D:11     | Noticed Fannar
  5772 | D:11     | Killed Fannar
  5772 | D:11     | Reached skill level 12 in Axes
  6059 | D:12     | Noticed a two-headed ogre
  6073 | D:12     | Killed a two-headed ogre
  6141 | D:12     | Noticed Erolcha
  6168 | D:12     | Killed Erolcha
  6220 | D:12     | Noticed Azrael
  6251 | D:12     | Killed Azrael
  6282 | D:12     | Got a twitching turquoise ring
  6371 | D:12     | Reached XP level 12. HP: 78/110 MP: 5/5
  6553 | D:13     | Found a flickering gateway to a bazaar.
  6641 | D:13     | Reached **** piety under Makhleb
  6656 | D:13     | Reached skill level 13 in Axes
  6728 | Bazaar   | Entered a bazaar
  6733 | Bazaar   | Found Ferast's Armour Boutique.
  6736 | Bazaar   | Found Jotrih's General Store.
  6743 | Bazaar   | Found Ojelegox's Weapon Emporium.
  6771 | Bazaar   | Found Ehuob's Jewellery Shop.
  6779 | Bazaar   | Found Biqiufit's Book Emporium.
  6813 | Bazaar   | Bought a scroll of enchant armour for 90 gold pieces
  7008 | D:14     | Reached skill level 10 in Armour
  7023 | D:14     | Found Fuatzaug's Jewellery Shoppe.
  7027 | D:14     | Reached skill level 10 in Shields
  7509 | D:14     | Found Gozag's Platinum Reserve.
  7548 | D:14     | Found an opulent altar of Gozag.
  7626 | D:14     | Found a gate to the Vaults.
  8039 | D:14     | Identified the ring "Waopt" {rPois Str+2 Slay+2 SInv} (You
                  | found it on level 12 of the Dungeon)
  8078 | D:15     | Entered Level 15 of the Dungeon
  8104 | D:15     | Noticed a centaur warrior
  8114 | D:15     | Killed a centaur warrior
  8119 | D:15     | Found a staircase to the Depths.
  8119 | D:15     | Noticed a yaktaur captain
  8129 | D:15     | Killed a yaktaur captain
  8136 | D:15     | Reached ***** piety under Makhleb
  8136 | D:15     | Reached skill level 10 in Invocations
  8245 | D:15     | Noticed a four-headed hydra
  8265 | D:15     | Killed a four-headed hydra
  8317 | D:15     | Noticed Josephine
  8327 | D:15     | Killed Josephine
  8327 | D:15     | Reached skill level 14 in Axes
  8339 | D:15     | Gained mutation: Your spells are a little easier to cast,
                  | but a little less powerful. [potion of mutation]
  8339 | D:15     | Lost mutation: Your spells are a little easier to cast, but
                  | a little less powerful. [potion of mutation]
  8339 | D:15     | Gained mutation: You are covered in fur. (AC +1) [potion of
                  | mutation]
  8404 | D:15     | Noticed a two-headed ogre
  8411 | D:15     | Killed a two-headed ogre
  8436 | D:15     | Noticed a two-headed ogre
  8452 | D:15     | Reached XP level 13. HP: 109/121 MP: 5/5
  8496 | D:15     | Found a frozen archway.
  8517 | IceCv    | Entered an ice cave
  8978 | IceCv    | Noticed a white draconian
  9011 | IceCv    | Killed a white draconian
  9028 | IceCv    | Reached skill level 15 in Axes
  9373 | D:15     | Noticed Jorgrun
  9387 | D:15     | Noticed Kirke
  9403 | D:15     | Slain by a harpy

Levels and vault maps discovered:
D:1:      dpeg_arrival_arbitrary_c, layout_rooms
D:2:      layout_basic, gammafunk_temple_overflow_statue,
          chequers_ecumenical_altar_lobes, uniq_natasha
D:3:      layout_basic
D:4:      layout_cave_pods, first_ration, uniq_blork_the_orc
D:5:      layout_rooms, uniq_edmund
D:6:      layout_basic, temple_fountains
D:7:      layout_basic, grunt_temple_overflow_cloverleaf
D:8:      layout_basic, hangedman_ranch [blue_anna_fruit_fields],
          chequers_jeans, xom_redecorated
D:9:      layout_roguey, lair_entry_dummy, david_orc_4, serial_shops, shop,
          nicolae_shop_trees, nicolae_shop_crystal, nicolae_shop_waterfront,
          shop
D:10:     layout_rooms, basic_altar, uniq_joseph
D:11:     layout_irregular_city, serial_shops, kennysheep_little_box,
          enter_trove_3, uniq_fannar, uniq_urug
D:12:     layout_rooms, feat_on_display, uniq_erolcha, uniq_azrael
D:13:     layout_long_grid, serial_shops, bzr_entry_lakeside, special_room
          [special_room_bee], hangedman_devilish_allure
D:14:     layout_loops_ring, david_vaults_1, serial_shops,
          nicolae_shop_statue_plus, nicolae_gozag_zags_fifth_avenue
D:15:     grunt_enter_depths_snipers, layout_loops_cross, portal_ice_cave_rime,
          nrook_mini_vaults, uniq_josephine, uniq_kirke, uniq_jorgrun
Temple:   nicolae_temple_elliptical

Skill      XL: |  1  2  3  4  5  6  7  8  9 10 11 12 13 |
---------------+----------------------------------------+-----
Fighting       | 3 4 5 6 7 8 9 |  9.6
Axes           | 3 4 5 6 8 10 11 12 14 15 | 15.0
Armour         | 4 5 6 7 8 9 10 11 | 11.3
Shields        | 4 5 6 7 8 9 10 11 | 11.3
Invocations    | 1 4 6 8 10 11 | 11.2

Action                   |  1- 3 |  4- 6 |  7- 9 | 10-12 | 13-15 || total
-------------------------+-------+-------+-------+-------+-------++-------
Melee: War axe           |    51 |    87 |   333 |   857 |   311 ||  1639
       Falchion          |       |       |    47 |    21 |       ||    68
       Unarmed           |       |       |     7 |       |       ||     7
Invok: Lesser Servant of |       |       |       |     7 |       ||     7
 Abil: Heal Wounds       |     2 |     4 |    24 |    28 |    11 ||    69
Evoke: Wand              |       |       |       |       |     3 ||     3
  Use: Scroll            |       |       |       |    27 |       ||    27
       Potion            |       |       |       |     2 |       ||     2
 Stab: Distracted        |       |       |       |     2 |     1 ||     3
  Eat: Chunk             |       |       |    10 |    41 |       ||    51
Armor: Scale mail        |    32 |    48 |    83 |       |       ||   163
       Chain mail        |       |       |    43 |   153 |       ||   196
       Skin              |       |       |     1 |       |       ||     1
       Plate armour      |       |       |       |   380 |   228 ||   608
Dodge: Dodged            |    21 |    24 |    91 |   217 |    85 ||   438
Block: Kite shield       |    44 |    43 |   218 |   601 |   216 ||  1122
       Rpst.: Falchion   |       |       |     4 |       |       ||     4

Table legend:
 A = Non-vault XP
 B = Vault XP
 C = Vault XP percentage of total XP
 D = Non-vault monster count
 E = Vault monster count
 F = Vault count percentage of total count
                 A         B        C        D         E       F
            +---------+---------+-------+---------+---------+-------
      Total |   25951 |   28961 |  52.7 |     284 |     109 |  27.7
            +---------+---------+-------+---------+---------+-------
        D:1 |      27 |       0 |   0.0 |      11 |       0 |   0.0
        D:2 |      22 |       0 |   0.0 |       6 |       0 |   0.0
        D:3 |     126 |       0 |   0.0 |       8 |       0 |   0.0
        D:4 |     535 |      99 |  15.6 |      21 |       1 |   4.5
        D:5 |     650 |     158 |  19.6 |      17 |       1 |   5.6
        D:6 |     988 |       0 |   0.0 |      21 |       0 |   0.0
        D:7 |     717 |       0 |   0.0 |      20 |       0 |   0.0
        D:8 |    1184 |    2237 |  65.4 |       6 |       8 |  57.1
        D:9 |     658 |     711 |  51.9 |      19 |      16 |  45.7
       D:10 |    2735 |     493 |  15.3 |      35 |       1 |   2.8
       D:11 |    2910 |    1722 |  37.2 |      27 |       2 |   6.9
       D:12 |    3048 |    3295 |  51.9 |      18 |       8 |  30.8
       D:13 |    2637 |     201 |   7.1 |      23 |       4 |  14.8
       D:14 |    5327 |     988 |  15.6 |      43 |       2 |   4.4
       D:15 |    4387 |    5502 |  55.6 |       9 |      13 |  59.1
      IceCv |       0 |   13555 | 100.0 |       0 |      53 | 100.0
            +---------+---------+-------+---------+---------+-------
